 Dungeon Crawl Stone Soup version 0.26-a0-649-gf8c6c3aab7 (webtiles) character file.

Game seed: 5099460419295497583

4 westexas the Cudgeler (level 1, 12/12 HPs)
             Began as a Gargoyle Gladiator on Sept 28, 2020.
             Quit the game on level 1 of the Dungeon on Jan 10, 2021.
             The game lasted 00:06:40 (333 turns).

westexas the Cudgeler (Gargoyle Gladiator)           Turns: 333, Time: 00:06:41

Health: 12/12      AC:  7    Str: 17    XL:     1   Next: 70%
Magic:  1/1        EV: 12    Int:  8    God:
Gold:   17         SH:  0    Dex: 11    Spells: 0/0 levels left

rFire    . . .     SeeInvis .   a - +0 flail
rCold    . . .     Faith    .   (no shield)
rNeg     + . .     Spirit   .   b - +0 leather armour
rPois    ∞         Reflect  .   f - +1 helmet
rElec    +         Harm     .   (no cloak)
rCorr    .         Rampage  .   (no gloves)
MR       .....                  (no boots)
Stlth    +.........             (no amulet)
HPRegen  0.04/turn              (no ring)
MPRegen  0.07/turn              (no ring)

@: no status effects
A: negative energy resistance 1, electricity resistance, unbreathing,
petrification resistance, rot immunity, AC +2
a: no special abilities


You were on level 1 of the Dungeon.
You visited 1 branch of the dungeon, and saw 1 of its levels.

You collected 17 gold pieces.

Inventory:

Hand Weapons
 a - a +0 flail (weapon)
Missiles
 d - 3 throwing nets (quivered)
Armour
 b - a +0 leather armour (worn)
 c - a +0 helmet
 f - a +1 helmet (worn)
Scrolls
 e - a scroll of identify {unknown}


   Skills:
 + Level 2.2 Fighting
 + Level 3.0 Maces & Flails
 + Level 1.8 Throwing
 + Level 2.6 Dodging


You couldn't memorise any spells.
You didn't know any spells.
Your spell library was empty.

Dungeon Overview and Level Annotations

Branches:
Dungeon (1/15)

Altars:


Innate Abilities, Weirdness & Mutations

You are resistant to torment.
Your stone body is resilient. (AC +2)
You are immune to poison.
You resist negative energy. (rN+)
You are resistant to electric shocks. (rElec)
You can survive without breathing.
You are immune to petrification.
You are immune to rotting.


Message History

Okay, then.
You start removing your armour.
You continue taking off your +0 helmet. x4
You finish taking off your +0 helmet.
You start putting on your armour.
You continue putting on your runed helmet. x5
You finish putting on your +1 helmet.
You see here a rat corpse.
Found a robe.
You now have 17 gold pieces (gained 11).
Found 17 poisoned darts.
Found a stone staircase leading down.
No target in view!
Found a robe.
Unknown command.
Saving game... please wait.
Welcome back, westexas the Gargoyle Gladiator.
Press ? for a list of commands and other information.
Are you sure you want to abandon this character and quit the game? (Confirm with "yes".)
Okay, then.
Unknown command.
Are you sure you want to abandon this character and quit the game? (Confirm with "yes".)

..... ........
.....##### ........
.........# ........
.........# ........
.........#######..#.###.
.[.......#........# #.
#.#.....#........#≈# #.
#>..[............#≈# #.
#.#...@.#........#≈# #.
#.....#........#.# ##
#(......#........#.####
#.#.....#..............
####....#.......†).....
#....#######........
#.#### #........ ..
#########


There were no monsters in sight!

Vanquished Creatures
  A giant cockroach (D:1)
  A goblin (D:1)
  A hobgoblin (D:1)
  A rat (D:1)
4 creatures vanquished.

Notes
Turn   | Place    | Note
-------+----------+-------------------------------------------
     0 | D:1      | westexas the Gargoyle Gladiator began the quest for the
                  | Orb.
     0 | D:1      | Reached XP level 1. HP: 12/12 MP: 1/1
   333 | D:1      | Quit the game

Illustrated notes

Levels and vault maps discovered:
D:1:      eino_arrival_tree_alley, layout_basic, corexii_corridor_pit,
          hex_large, minmay_misc_feat_encased

Action                   || total
-------------------------++-------
Melee: Flail             ||    30
Armor: Leather armour    ||     8
Dodge: Dodged            ||    22

Table legend: (Time is in decaauts)
 A = Elapsed time spent in this place.
 B = Non-inter-level travel time spent in this place.
 C = Inter-level travel time spent in this place.
 D = Time resting spent in this place.
 E = Time spent auto-exploring this place.
 F = Levels seen in this place.
 G = Mean time per level.
                   A        B        C        D        E       F      G
               +--------+--------+--------+--------+--------+-----+--------+
         Total |    340 |    334 |      6 |     99 |    162 |   1 |  340.0 |
       Dungeon |    340 |    334 |      6 |     99 |    162 |   1 |  340.0 |
               +--------+--------+--------+--------+--------+-----+--------+

Top non-repeatable levels by time:
     D:1: 340 daAuts
